 Dungeon Sprint DCSS version 0.29-a0-819-g94b489e0ae (webtiles) character file.

Game seed: 5822299649883848617

1425 mhtbhm the Grappler (level 8, -1/111 HPs)
             Began as a Black Draconian Transmuter on July 6, 2022.
             Was an Initiate of Gozag.
             Slain by a tengu warrior
             ... wielding a +0 war axe
              (5 damage)
             ... in the Dungeon (Sprint IX: "|||||||||||||||||||||||||||||").
             The game lasted 00:02:03 (1133 turns).

mhtbhm the Grappler (Black Draconian Transmuter)    Turns: 1133, Time: 00:02:04

Health: -1/111     AC:  7    Str: 15    XL:     8   Next: 44%
Magic:  14/19      EV: 14    Int: 14    God:    Gozag
Gold:   594        SH:  0    Dex: 14    Spells: 12/22 levels left

rFire   x . .      SeeInvis .     - Unarmed
rCold   + + +      Faith    .   (shield currently unavailable)
rNeg    . . .      Spirit   .   (body armour unavailable)
rPois   +          Reflect  .   (helmet currently unavailable)
rElec   .          Harm     .   (cloak currently unavailable)
rCorr   .          Rampage  .   (gloves currently unavailable)
Will    .....      NoTele   +   (boots currently unavailable)
Stlth   ..........              (no amulet)
HPRegen 0.28/turn               j - +2 ring of evasion
MPRegen 0.16/turn               k - +3 ring of dexterity

@: berserking, ice-form, wereblooded, invisible, very quick
A: freezing attack, amphibious, boosted hp, (breathe lightning), AC +6, large,
unfitting armour, (electricity resistance), (cold-blooded)
a: End Transformation, Renounce Religion, Potion Petition, Call Merchant, Bribe
Branch


You were in the Dungeon.
You worshipped Gozag.
Gozag was pleased with you.
You were a creature of crystalline ice.
You visited 1 branch You collected 594 gold pieces.

Inventory:

Armour
 l - a +0 pair of boots (melded)
Jewellery
 j - a +2 ring of evasion (left front paw)
 k - a +3 ring of dexterity (right front paw)
Wands
 i - a wand of iceblast (3)
Scrolls
 g - a scroll of blinking
 h - 2 scrolls of amnesia
Potions
 b - 5 potions of curing
 e - 4 potions of magic


   Skills:
 + Level 2.8 Fighting
 + Level 6.1 Dodging
 + Level 2.0 Stealth
 + Level 12.7 Unarmed Combat
 + Level 7.9 Spellcasting
 + Level 7.8 Transmutations
 + Level 4.2 Ice Magic
 + Level 2.4 Evocations


You had 12 spell levels left.
You knew the following spells:

 Your Spells              Type           Power      Damage    Failure   Level
a - Beastly Appendage     Tmut           54%        N/A       1%          1
b - Wereblood             Tmut           27%        N/A       1%          2
c - Spider Form           Tmut/Pois      16%        N/A       8%          3
d - Ice Form              Ice/Tmut       22%        N/A       11%         4

Your spell library contained the following spells:

 Spells                   Type           Power      Damage    Failure   Level


Dungeon Overview and Level Annotations

Branches:
Dungeon (1/1)

Altars:
Cheibriados
Dithmenos
Elyvilon
Fedhas
Gozag
Hepliaklqana
Kikubaaqudgha
Makhleb
Nemelex Xobeh
Okawaru
Qazlal
Ru
Sif Muna
Trog
Uskayaw
Vehumet
Wu Jian
Xom
Yredelemnul
Zin
The Shining One
Jiyva
Lugonu


Innate Abilities, Weirdness & Mutations

You are a creature of crystalline ice.
You have a powerful freezing melee attack.
You are amphibious.
Your maximum health is increased.
Your armour is entirely melded.
You are incapable of wielding weapons or throwing items.
((You can breathe wild blasts of lightning.))
((Your glossy black scales are hard. (AC +6)))
You cannot fit into any form of body armour.
((You are resistant to electric shocks. (rElec)))
((You are cold-blooded and may be slowed by cold attacks.))


Message History

You are too injured to fight recklessly!
You are too injured to fight recklessly!
You are too injured to fight recklessly!
You are too injured to fight recklessly!
You are too injured to fight recklessly!
You are too injured to fight recklessly!
You are too injured to fight recklessly!
You are too injured to fight recklessly!
You are too injured to fight recklessly!
You are too injured to fight recklessly!
You are too injured to fight recklessly!
You are too injured to fight recklessly!
The tengu warrior blocks your attack.
The tengu warrior is moderately wounded.
You punch the tengu warrior! You freeze the tengu warrior.
The tengu warrior is heavily wounded.
The tengu warrior hits you with a +0 war axe!!
* * * LOW HITPOINT WARNING * * *
The tengu warrior closely misses you. The tengu warrior claws you.
* * * LOW HITPOINT WARNING * * *
Unknown command.
You fade into invisibility!
The centaur warrior wields a +0 shortbow.
The centaur warrior shoots an arrow.
The arrow hits the tengu warrior.
The tengu warrior barely misses you. x2
The tengu warrior claws you but does no damage.
The tengu warrior unwields a +0 broad axe.
The tengu warrior wields a +3 arbalest.
The tengu warrior shoots a bolt.
The bolt barely misses the tengu warrior.
The bolt barely misses you.
A red film seems to cover your vision as you go berserk!
You feel yourself moving faster!
You feel mighty!
The centaur warrior shoots an arrow.
The arrow closely misses the tengu warrior.
The arrow hits the tengu warrior!
The tengu warrior hits you with a +0 war axe!
* * * LOW HITPOINT WARNING * * *
The tengu warrior pecks you.
You die...
Your body crumbles into a pile of gold.

▓+▓
▓h▓
▓H▓
▓c▓
▓c▓
▓Q▓
▓Q▓
▓Y▓
▓.▓
$
▓.▓
$
▓.▓
$ $
▓.▓
$
▓.▓
$ $
▓.▓
$
▓'▓
$
▓.▓


You could see 2 tengu warriors, 2 centaur warriors, a manticore (unable to see
you) and a howler monkey (unable to see you).

Vanquished Creatures
  A two-headed ogre (D)
  A troll (D)
  A yak (D)
  A wraith (D)
  An ice beast (D)
  2 orc warriors (D)
  A howler monkey (D)
  An iguana (D)
  2 orcs (D)
  A giant cockroach (D)
  A quokka (D)
  A bat (D)
  2 kobolds (D)
16 creatures vanquished.

Notes
Turn   | Place    | Note
-------+----------+-------------------------------------------
     0 | D        | mhtbhm the Draconian Transmuter began the quest for the
                  | Orb.
     0 | D        | Reached XP level 1. HP: 16/16 MP: 3/3
   225 | D        | Noticed an iguana
   225 | D        | Noticed a howler monkey
   225 | D        | Noticed an ice beast
   231 | D        | Killed an ice beast
   232 | D        | Reached skill level 7 in Unarmed Combat
   232 | D        | Reached XP level 2. HP: 23/23 MP: 2/6
   232 | D        | Reached XP level 3. HP: 28/28 MP: 2/8
   232 | D        | Reached XP level 4. HP: 35/35 MP: 2/9
   243 | D        | Reached XP level 5. HP: 41/41 MP: 3/11
   246 | D        | Reached skill level 8 in Unarmed Combat
   268 | D        | Found a snail-covered altar of Cheibriados.
   268 | D        | Found a shadowy altar of Dithmenos.
   268 | D        | Found a white marble altar of Elyvilon.
   268 | D        | Found a blossoming altar of Fedhas.
   268 | D        | Found an opulent altar of Gozag.
   269 | D        | Found a hazy altar of Hepliaklqana.
   270 | D        | Found a viscous altar of Jiyva.
   271 | D        | Found an ancient bone altar of Kikubaaqudgha.
   272 | D        | Found a corrupted altar of Lugonu.
   273 | D        | Found a burning altar of Makhleb.
   274 | D        | Found a sparkling altar of Nemelex Xobeh.
   275 | D        | Found an iron altar of Okawaru.
   276 | D        | Became a worshipper of Gozag Ym Sagoz the Greedy
   277 | D        | Found a stormy altar of Qazlal.
   278 | D        | Found a sacrificial altar of Ru.
   279 | D        | Found a shimmering blue altar of Sif Muna.
   280 | D        | Found a bloodstained altar of Trog.
   281 | D        | Found a hide-covered altar of Uskayaw.
   282 | D        | Found a radiant altar of Vehumet.
   283 | D        | Found an ornate altar of the Wu Jian Council.
   284 | D        | Found a shimmering altar of Xom.
   285 | D        | Found a basalt altar of Yredelemnul.
   286 | D        | Found a glowing silver altar of Zin.
   287 | D        | Found a glowing golden altar of the Shining One.
   334 | D        | Learned a level 2 spell: Wereblood
   338 | D        | Learned a level 3 spell: Spider Form
   343 | D        | Learned a level 4 spell: Ice Form
   899 | D        | Noticed an orc warrior
   899 | D        | Noticed an orc warrior
   899 | D        | Noticed a two-headed ogre
   899 | D        | Noticed a troll
   899 | D        | Noticed a yak
   899 | D        | Noticed a wraith
   904 | D        | Killed a wraith
   905 | D        | Reached skill level 9 in Unarmed Combat
   905 | D        | Reached skill level 5 in Spellcasting
   905 | D        | Reached skill level 5 in Transmutations
   905 | D        | Reached skill level 1 in Ice Magic
   905 | D        | Reached XP level 6. HP: 48/48 MP: 7/14
   911 | D        | Killed a yak
   912 | D        | Reached skill level 1 in Stealth
   912 | D        | Reached skill level 10 in Unarmed Combat
   918 | D        | Killed a troll
   919 | D        | Reached skill level 5 in Dodging
   919 | D        | Reached skill level 11 in Unarmed Combat
   919 | D        | Your scales start taking on a glossy black colour.
   919 | D        | Reached XP level 7. HP: 33/56 MP: 10/17
   919 | D        | Gained mutation: You are resistant to electric shocks.
                  | (rElec) [Black Draconian growth]
   933 | D        | Killed a two-headed ogre
   934 | D        | Reached skill level 12 in Unarmed Combat
   934 | D        | Reached XP level 8. HP: 29/62 MP: 11/19
  1123 | D        | Noticed a manticore
  1123 | D        | Noticed a centaur warrior
  1123 | D        | Noticed a centaur warrior
  1123 | D        | Noticed a tengu warrior
  1123 | D        | Noticed a tengu warrior
  1133 | D        | HP: 4/111 [tengu warrior/+0 war axe (14)]
  1133 | D        | Slain by a tengu warrior

Illustrated notes

Levels and vault maps discovered:
D:        linesprint [early_d, line_temple, items_1, d_10, items_2, lair_1,
          lair_end, items_3, orc_1, orc_end, items_4, d_15, swamp_1, shoals_1,
          snake_1, spider_1, d_20, vaults_1, items_5, swamp_end, shoals_end,
          snake_end, spider_end, vaults_end, d_27, items_6, zot_1, zot_end,
          crypt_end, forest_end, elf_end, slime_end, tomb_end, abyss_end,
          pan_hell_end]

Skill      XL: |  1  2  3  4  5  6  7  8 |
---------------+-------------------------+-----
Dodging        | 3 4 5 6 |  6.1
Unarmed Combat | 7 9 11 12 | 12.7
Spellcasting   | 3 4 5 6 7 |  7.9
Transmutations | 3 4 5 6 7 |  7.8
Ice Magic      | 1 3 4 |  4.2
Fighting       | 2 |  2.8
Stealth        | 1 2 |  2.0
Evocations     | 2 |  2.4

Action                   |  1- 3 |  4- 6 |  7- 9 || total
-------------------------+-------+-------+-------++-------
Melee: Unarmed           |    17 |    25 |    11 ||    53
       Kick              |     3 |       |       ||     3
       Punch             |     1 |     2 |       ||     3
       Headbutt          |     1 |       |       ||     1
       Tailslap          |       |       |     1 ||     1
 Cast: Beastly Appendage |     2 |       |       ||     2
       Ice Form          |       |     1 |     2 ||     3
       Wereblood         |       |     1 |     1 ||     2
 Abil: Breathe Lightning |       |       |     1 ||     1
Evoke: Wand              |       |     2 |     5 ||     7
  Use: Potion            |     1 |     1 |     5 ||     7
       Scroll            |       |     1 |       ||     1
Armor: Skin              |     6 |     7 |     4 ||    17
Dodge: Dodged            |    10 |     6 |    15 ||    31

Table legend: (Time is in decaauts)
 A = Elapsed time spent in this place.
 B = Non-inter-level travel time spent in this place.
 C = Inter-level travel time spent in this place.
 D = Time resting spent in this place.
 E = Time spent auto-exploring this place.
 F = Levels seen in this place.
 G = Mean time per level.
                   A        B        C        D        E       F      G
               +--------+--------+--------+--------+--------+-----+--------+
         Total |   1108 |   1108 |      0 |    909 |      3 |   1 | 1108.0 |
       Dungeon |   1108 |   1108 |      0 |    909 |      3 |   1 | 1108.0 |
               +--------+--------+--------+--------+--------+-----+--------+

Top non-repeatable levels by time:
       D: 1108 daAuts
